 Dungeon Crawl Stone Soup version 0.16-a0-4083-g5af668b (webtiles) character file.

178 toofou the Skirmisher (level 5, -7/72 HPs)
             Began as a Minotaur Berserker on Feb 22, 2015.
             Was a Believer of Trog.
             Mangled by an ogre
             ... wielding a +0 giant spiked club
              (10 damage)
             ... while paralysed by Grinder
             ... on level 4 of the Dungeon.
             The game lasted 00:24:57 (3436 turns).

toofou the Skirmisher (Minotaur Berserker)          Turns: 3436, Time: 00:24:57

Health: -7/72      AC:  6    Str: 27    XL:     5   Next: 32%
Magic:  2/2        EV:  2    Int:  4    God:    Trog [**....]
Gold:   100        SH:  0    Dex: 10    Spells: 0 memorised, 4 levels left

rFire  + . .     SeeInvis .     t - +0 long sword
rCold  x . .     Clarity  .     x - +0 scale mail
rNeg   . . .     SustAb   .     (no shield)
rPois  .         Gourm    .     (helmet restricted)
rElec  .         Spirit   .     (no cloak)
rCorr  .         Warding  .     (no gloves)
rMut   .         Stasis   .     (no boots)
MR     .....                    (no amulet)
Stlth  ..........               (no ring)
                                e - ring of fire

@: paralysed, berserking (expiring), not resistant to hostile enchantments,
extremely unstealthy
A: retaliatory headbutt, horns 2
a: Burn Spellbooks, Berserk, Trog's Hand, Renounce Religion


You were on level 4 of the Dungeon.
You worshipped Trog.
Trog was pleased with you.
You were not hungry.

You visited 1 branch of the dungeon, and saw 4 of its levels.

You collected 100 gold pieces.

Inventory:

Hand weapons
 a - a +0 mace
 p - a cursed -2 mace
 t - a +0 long sword (weapon)
 w - a +0 flail
Armour
 b - a +0 animal skin
 i - a +0 leather armour
 x - a +0 scale mail (worn)
Jewellery
 e - a ring of fire (left hand)
 g - a cursed amulet of inaccuracy {unknown}
Magical devices
 c - a wand of digging (12)
Scrolls
 d - 3 scrolls of immolation
 h - a scroll of fog
 k - 2 scrolls of identify
 n - 2 scrolls of enchant armour
Potions
 j - 2 potions of restore abilities {unknown}
 s - a potion of brilliance {unknown}
 u - 3 potions of curing {unknown}
Comestibles
 f - a beef jerky
 o - 2 bread rations
 r - a meat ration
 v - a slice of pizza


   Skills:
 + Level 5.1 Fighting
 + Level 4.9 Maces & Flails
 + Level 3.4 Armour
 + Level 3.4 Dodging


You had 4 spell levels left.
You didn't know any spells.

Dungeon Overview and Level Annotations

Branches:
Dungeon (4/15)
 Temple: D:4-7

Altars:
Elyvilon
Makhleb

Annotations:
D:3 wojtek's ghost, average KoAs
D:4 Grinder


Innate Abilities, Weirdness & Mutations

You reflexively headbutt those who attack you in melee.
You have a pair of horns on your head.


Message History

The ogre hits you with a giant spiked club!!
You hit Grinder.
Grinder is severely wounded.
Grinder hits you.
You closely miss Grinder.
Grinder is severely wounded.
The ogre closely misses you.
Grinder gestures.
Grinder blinks!
You barely miss the ogre. The ogre completely misses you.
You furiously retaliate!
You headbutt the ogre! You hit the ogre. You headbutt the ogre.
The ogre is severely wounded.
Grinder gestures at you.
You suddenly lose the ability to move!
The ogre hits you with a giant spiked club!!
* * * LOW HITPOINT WARNING * * *
Grinder completely misses you.
The ogre hits you with a giant spiked club!
You die...

....# #.... #.#..
#.#(< #.#.# #.#.#
#.#.##.#.#.#
#####+#O........
#.....@#######.#
#....5.+
#######......####
............(......
####....##########
#....'.......(#
#....########.####.#
#.....# #......#
#....## #..#####


You could see Grinder and an ogre.

Vanquished Creatures
  A hound (D:4)
  Jessica (D:2)
  5 adders
  A giant mite (D:2)
  3 worms
  3 giant geckos
  6 orcs (D:3)
  6 giant cockroaches
  7 goblins
  A hobgoblin (D:4)
  3 quokkas
  8 bats
  4 giant newts
  7 kobolds
  8 rats
64 creatures vanquished.

Vanquished Creatures (others)
  An adder (D:2)
  A giant newt (D:4)
2 creatures vanquished.

Grand Total: 66 creatures vanquished

Notes
Turn   | Place    | Note
--------------------------------------------------------------
     0 | D:1      | toofou, the Minotaur Berserker, began the quest for the Orb.
     0 | D:1      | Reached XP level 1. HP: 19/19 MP: 1/1
   351 | D:1      | Reached XP level 2. HP: 27/27 MP: 1/1
   849 | D:2      | Reached skill level 4 in Maces & Flails
  1284 | D:2      | Reached XP level 3. HP: 20/33 MP: 2/2
  1295 | D:2      | Noticed Jessica
  1318 | D:2      | Killed Jessica
  1456 | D:2      | Reached XP level 4. HP: 30/41 MP: 2/2
  1461 | D:2      | Acquired Trog's second power
  2190 | D:2      | Found a burning altar of Makhleb.
  2191 | D:2      | Found a white marble altar of Elyvilon.
  2701 | D:3      | Reached skill level 5 in Fighting
  2825 | D:3      | Reached XP level 5. HP: 32/48 MP: 2/2
  3147 | D:3      | Noticed wojtek's ghost (average KoAs)
  3420 | D:4      | Noticed Grinder
  3422 | D:4      | Noticed an ogre
  3433 | D:4      | Paralysed by Grinder for 5 turns
  3434 | D:4      | HP: 3/72 [ogre/giant spiked club (26)]
  3436 | D:4      | Mangled by an ogre

Action                   |  1- 3 |  4- 6 || total
-------------------------+-------+-------++-------
Melee: Mace              |    68 |    34 ||   102
       Long sword        |       |    56 ||    56
Invok: Berserk           |       |     2 ||     2
  Use: Scroll            |     1 |     6 ||     7
  Eat: Bread ration      |     1 |     1 ||     2
